 Dungeon Crawl Stone Soup version 0.30.1-9-gdf580d7c3d (webtiles) character file.

Game seed: 9332881708231518592

238 Peloso the Covered (level 5, -13/47 HPs)
             Began as a Minotaur Fighter on Sept 29, 2023.
             Killed from afar by Ijyb (20 damage)
             ... with a bolt of acid
             ... on level 4 of the Dungeon.
             The game lasted 00:04:00 (3183 turns).

Peloso the Covered (Minotaur Fighter)               Turns: 3183, Time: 00:04:01

Health: -13/47     AC:  1    Str: 20    XL:     5   Next: 78%
Magic:  4/4        EV:  8    Int:  5    God:
Gold:   198        SH:  5    Dex: 12    Spells: 4/4 levels left

rFire   . . .        a - +0 long sword
rCold   . . .        d - +0 buckler
rNeg    . . .        c - +0 chain mail
rPois   .            (helmet restricted)
rElec   .            (no cloak)
rCorr   .            (no gloves)
SInv    .            (no boots)
Will    .....        (no amulet) Stlth
                     (no ring)
HPRegen 0.27/turn    (no ring)
MPRegen 0.09/turn

%: no passive effects
@: corroded
A: horns 2, retaliatory headbutt
a: no special abilities


You were on level 4 of the Dungeon.
You visited 1 branch of the dungeon, and saw 4 of its levels.

You collected 198 gold pieces.

Inventory:

Hand Weapons
 a - a +0 long sword (weapon)
 b - a +1 hand axe of flaming
Armour
 c - a +0 chain mail (worn)
 d - a +0 buckler (worn)
Scrolls
 i - 2 scrolls of fear {unknown}
 j - 5 scrolls of blinking {unknown}
 k - a scroll of teleportation {unknown}
 l - a scroll of butterflies {unknown}
 m - a scroll of enchant armour {unknown}
 n - 5 scrolls of identify {unknown}
 p - 2 scrolls of immolation {unknown}
 r - a scroll of brand weapon {unknown}
 t - a scroll of silence {unknown}
Potions
 e - a potion of brilliance
 f - a potion of flight
 g - 2 potions of cancellation {unknown}
 h - a potion of degeneration
 o - 2 potions of might
 q - a potion of resistance {unknown}
 s - a potion of heal wounds {unknown}


   Skills:
 + Level 4.5 Fighting
 + Level 4.7 Long Blades
 + Level 5.3 Armour
 + Level 0.8 Dodging
 + Level 0.2 Stealth
 + Level 4.3 Shields


You had 4 spell levels left.
You didn't know any spells.
Your spell library contained the following spells:

 Spells                   Type           Power      Damage    Failure   Level
 Apportation              Tloc           0%         N/A       99%         1
 Necrotise                Necr           0%         1d4       99%         1
 Summon Small Mammal      Summ           0%         N/A       99%         1
 Ensorcelled Hibernation  Hex/Ice        0%         N/A       100%        2
 Passwall                 Tmut/Erth      0%         N/A       100%        2
 Swiftness                Air            0%         N/A       100%        3


Dungeon Overview and Level Annotations

Branches:
Dungeon (4/15)
 Temple: D:4-7

Altars:
Nemelex Xobeh

Annotations:
D:4 Ijyb


Innate Abilities, Weirdness & Mutations

You have a pair of horns on your head.
You reflexively headbutt those who attack you in melee.


Message History

You block the jelly's attack.
You hit the jelly.
You kill the jelly!
A giant cockroach comes into view.
A giant cockroach is nearby!
A giant cockroach is nearby!
You slash the giant cockroach!
You kill the giant cockroach!
Found a stone staircase leading up.
You now have 198 gold pieces (gained 9).
n - 5 scrolls labelled WOLENT OCIUNA (gained 1)
j - 5 scrolls labelled IMABEO JUYHE (gained 1)
Found a quarterstaff.
Ijyb the Twisted Goblin comes into view.
She is wielding a +0 club and carrying a wand of acid (4).
Ijyb shouts!
Ijyb is nearby!
Ijyb zaps a wand.
The bolt of acid hits you. The acid corrodes you!
Ijyb zaps a wand.
The bolt of acid hits you! The acid corrodes you!
An endoplasm comes into view.
The endoplasm quivers.
Ijyb hits you with a +0 club.
You hit Ijyb.
Ijyb is lightly wounded.
Ijyb barely misses you.
You closely miss Ijyb. Your headbutt misses Ijyb.
Ijyb is lightly wounded.
Ijyb hits you with a +0 club.
You barely miss Ijyb. Your headbutt misses Ijyb.
Ijyb is lightly wounded.
Ijyb hits you with a +0 club. x2
* * * LOW HITPOINT WARNING * * *
You hit Ijyb but do no damage. Your headbutt misses Ijyb.
Ijyb is lightly wounded.
Ijyb barely misses you.
You hit Ijyb but do no damage.
Ijyb is lightly wounded.
The endoplasm hits you.
* * * LOW HITPOINT WARNING * * *
Ijyb zaps a wand.
The bolt of acid hits you!!
You die...

.........### ##
#.######.# # .. #......#
# #. #.####.### #. #....
#. #.#.. #. #.##.
######J#############.##.
......g@................
###..######...#########.
... #...# #....... #
#...# #....... #...#
##.##... #...###...####
#...##..#.....
#...#.#...####
#...#.##.##


You could see Ijyb and an endoplasm.

Vanquished Creatures
  A jelly (D:4)
  An iguana (D:2)
  An orc wizard (D:3)
  3 gnolls (D:3)
  3 adders
  A worm (D:2)
  10 orcs (D:3)
  6 ball pythons
  9 endoplasms
  4 giant cockroaches
  8 goblins
  8 hobgoblins
  9 jackals
  5 kobolds
  2 quokkas (D:2)
  3 bats
  A frilled lizard (D:1)
  7 rats
  A spectral goblin (D:2)
83 creatures vanquished.

Notes
Turn   | Place    | Note
-------+----------+-------------------------------------------
     0 | D:1      | Peloso the Minotaur Fighter began the quest for the Orb.
     0 | D:1      | Reached XP level 1. HP: 19/19 MP: 0/0
    47 | D:1      | Reached XP level 2. HP: 23/27 MP: 1/1
   132 | D:1      | Reached skill level 4 in Armour
   690 | D:1      | Reached XP level 3. HP: 33/33 MP: 2/2
   946 | D:2      | Reached XP level 4. HP: 21/40 MP: 3/3
  1779 | D:2      | Found a faded altar of an unknown god.
  2454 | D:3      | Reached XP level 5. HP: 47/47 MP: 4/4
  2679 | D:3      | Reached skill level 5 in Armour
  2926 | D:3      | Found a sparkling altar of Nemelex Xobeh.
  3174 | D:4      | Noticed Ijyb
  3183 | D:4      | Killed from afar by Ijyb

Illustrated notes

Levels and vault maps discovered:
D:1:      minmay_arrival_open_corners, layout_basic
D:2:      minmay_diamond_boxcup, layout_basic,
          dreamdust_ecumenical_altar_drowned_temple
D:3:      layout_loops_cross, nemelex_spade_bored_becter
D:4:      cheibrodos_greedy_goblins, layout_basic, lemuel_round_altar,
          minmay_temple_entry_arrows, kennysheep_flooded_box,
          kennysheep_minor_cross, roderic_lattice_a, minmay_misc_feat_tower,
          uniq_natasha, uniq_pikel, uniq_sigmund, uniq_ijyb

Skill      XL: |  1  2  3  4  5 |
---------------+----------------+-----
Armour         | 4 5 |  5.3
Shields        | 4 |  4.3
Fighting       | 4 |  4.5
Long Blades    | 3 4 |  4.7
Dodging        | |  0.8
Stealth        | |  0.2

Action                     |  1- 3 |  4- 6 || total
---------------------------+-------+-------++-------
  Melee: Long sword        |    78 |   118 ||   196
         Headbutt          |     7 |    16 ||    23
    Use: Potion            |     5 |       ||     5
 Armour: Scale mail        |    53 |    19 ||    72
         Chain mail        |       |    42 ||    42
  Dodge: Dodged            |    33 |    58 ||    91
  Block: Buckler           |    19 |    33 ||    52
